 Dungeon Crawl Stone Soup version 0.29.0-13-gc9e81de378 (webtiles) character file.

Game seed: 9714554918352371872

112 Artool the Cudgeller (level 4, -1/35 HPs)
             Began as a Demonspawn Gladiator on Sept 8, 2022.
             Shot with a bolt by an orc warrior (16 damage)
             ... on level 3 of the Dungeon.
             The game lasted 00:03:32 (2360 turns).

Artool the Cudgeller (Demonspawn Gladiator)         Turns: 2360, Time: 00:03:32

Health: -1/35      AC:  8    Str: 16    XL:     4   Next: 64%
Magic:  4/4        EV: 12    Int: 10    God:
Gold:   97         SH:  4    Dex: 14    Spells: 3/3 levels left

rFire   . . .      SeeInvis .   g - +0 whip
rCold   . . .      Faith    .   (no shield)
rNeg    . . .      Spirit   .   b - +0 leather armour
rPois   .          Reflect  .   c - +0 helmet
rElec   .          Harm     .   (no cloak)
rCorr   .          Rampage  .   h - +2 pair of gloves
Will    .....                   (no boots)
Stlth   +.........              (no amulet)
HPRegen 0.11/turn               (no ring)
MPRegen 0.09/turn               (no ring)

@: no status effects
A: sharp scales 1, condensation shield
a: no special abilities


You were on level 3 of the Dungeon.
You visited 1 branch of the dungeon, and saw 3 of its levels.

You collected 97 gold pieces.

Inventory:

Hand Weapons
 a - a +0 flail
 g - a +0 whip (weapon)
Missiles
 d - 4 throwing nets (quivered)
 e - a javelin
 u - 3 boomerangs
Armour
 b - a +0 leather armour (worn)
 c - a +0 helmet (worn)
 h - a +2 pair of gloves (worn)
 n - a +0 ring mail
Jewellery
 j - a ring of ice
Scrolls
 k - 3 scrolls of teleportation {unknown}
 m - 3 scrolls of identify {unknown}
 o - a scroll of fear {unknown}
 p - a scroll of fog {unknown}
 q - a scroll of magic mapping {unknown}
 s - a scroll of silence {unknown}
 w - a scroll of noise {unknown}
 x - a scroll of summoning {unknown}
Potions
 f - 2 potions of curing {unknown}
 i - a potion of lignification {unknown}
 l - 2 potions of berserk rage {unknown}
 r - 2 potions of flight {unknown}
 t - a potion of brilliance {unknown}
 v - a potion of cancellation {unknown}


   Skills:
 + Level 3.0 Fighting
 + Level 3.4 Maces & Flails
 - Level 1.7 Throwing
 + Level 1.7 Armour
 + Level 3.3 Dodging


You had 3 spell levels left.
You didn't know any spells.
Your spell library was empty.

Dungeon Overview and Level Annotations

Branches:
Dungeon (3/15)

Altars:


Innate Abilities, Weirdness & Mutations

You are partially covered in razor-sharp scales. (AC +1, Slay +1)
A meltable shield of frost defends you. (SH +4)


Message History

The iguana misses you.
You hit the iguana.
The iguana is almost dead.
You hit the iguana but do no damage.
The iguana is almost dead.
The iguana closely misses you.
You hit the iguana but do no damage.
The iguana is almost dead.
The iguana barely misses you.
You barely miss the iguana.
The iguana is almost dead.
The iguana barely misses you.
You hit the iguana but do no damage.
The iguana is almost dead.
The iguana closely misses you.
You hit the iguana.
You kill the iguana!
Your Fighting skill increases to level 3!
No target in view!
You start resting.
HP restored.
Found a robe.
Found an escape hatch in the floor.
Found a stone staircase leading down.
An orc comes into view. It is wielding a +0 dagger.
Found 6 poisoned darts.
The orc shouts!
You hear a shout!
An orc warrior comes into view. It is wielding a +0 long sword.
The orc warrior shouts!
An orc wizard comes into view. It is wielding a +0 dagger.
The orc warrior unwields a +0 long sword.
The orc warrior wields a +0 arbalest.
The orc warrior shoots a bolt.
The bolt hits you.
Found a robe.
The orc warrior shoots a bolt.
The bolt hits you!!
Ouch! That really hurt!
You see here an iguana corpse.
You see here a rat corpse.
The orc warrior shoots a bolt.
The bolt hits you!
You die...

#.#.#### #
#.####.#.#..#.#
#......#.#..#.####
###...............
#.####.#..####.
..> #.#..# ###
#.#..####.#
..#.......#
#####@#######
#.........# #
#o###.##)....
##.#. #.# #.# .###
......#.###.##..#
#.....##.##..#
####.....##..
#.##o.##..
#.##..##.#


You could see an orc warrior and an orc.

Vanquished Creatures
  An iguana (D:3)
  3 adders (D:2)
  An ufetubus (D:2)
  A dart slug (D:1)
  4 endoplasms
  4 giant cockroaches
  7 hobgoblins
  4 kobolds
  A quokka (D:2)
  11 ball pythons
  2 bats
  3 frilled lizards
  5 goblins
  3 rats
50 creatures vanquished.

Vanquished Creatures (others)
  13 plants (D:1)
13 creatures vanquished.

Grand Total: 63 creatures vanquished

Notes
Turn   | Place    | Note
-------+----------+-------------------------------------------
     0 | D:1      | Artool the Demonspawn Gladiator began the quest for the
                  | Orb.
     0 | D:1      | Reached XP level 1. HP: 16/16 MP: 1/1
   216 | D:1      | Found a faded altar of an unknown god.
   346 | D:1      | Gained mutation: You are partially covered in razor-sharp
                  | scales. (AC +1, Slay +1) [demonic ancestry]
   346 | D:1      | Reached XP level 2. HP: 22/22 MP: 2/2
  1050 | D:1      | Reached skill level 1 in Armour
  1050 | D:1      | Gained mutation: A meltable shield of frost defends you.
                  | (SH +4) [demonic ancestry]
  1050 | D:1      | Reached XP level 3. HP: 27/28 MP: 3/3
  1558 | D:2      | Reached XP level 4. HP: 20/34 MP: 4/4
  2312 | D:3      | Noticed an orc warrior
  2360 | D:3      | Shot with a bolt by an orc warrior

Illustrated notes

Levels and vault maps discovered:
D:1:      dpeg_arrival_pond, layout_loops_corners, serial_bayou,
          serial_bayou_shore_a, serial_bayou_pond_d, serial_bayou_pond_d,
          serial_bayou_shore_b, ebering_ecumenical_altar_sacrificial,
          minmay_surrounded
D:2:      layout_rooms
D:3:      minmay_octagon_keep, layout_basic,
          chequers_temple_overflow_minitemple, jmf_multi_god_temple2,
          serial_shops, shop

Skill      XL: |  1  2  3  4 |
---------------+-------------+-----
Maces & Flails | 3 |  3.4
Dodging        | 3 |  3.3
Armour         | 1 |  1.7
Fighting       | 3 |  3.0
Throwing       | |  1.7

Action                   |  1- 3 |  4- 6 || total
-------------------------+-------+-------++-------
Melee: Whip              |   134 |    70 ||   204
       Flail             |     2 |       ||     2
Armor: Leather armour    |    44 |    13 ||    57
Dodge: Dodged            |    93 |    37 ||   130
Block: Other             |     7 |     9 ||    16
